 Dungeon Crawl Stone Soup version 0.32-a0-607-g64ea0e4219 (webtiles) character file.

Game seed: 12209802602854882165

18 dolemite99 the Chopper (level 2, -9/22 HPs)
             Began as a Coglin Gladiator on Mar 4, 2024.
             Was a Follower of Qazlal.
             Mangled by Sigmund
             ... wielding a +4 scythe of protection
              (12 damage)
             ... on level 2 of the Dungeon.
             The game lasted 00:01:01 (989 turns).

dolemite99 the Chopper (Coglin Gladiator)            Turns: 989, Time: 00:01:01

Health: -9/22      AC:  4    Str: 14    XL:     2   Next: 66%
Magic:  2/2        EV: 12    Int:  7    God:    Qazlal [*.....]
Gold:   18         SH:  2    Dex: 15    Spells: 1/1 levels left

rFire   . . .        a - +0 war axe {Jin}
rCold   . . .        j - +0 flail {Navbir}
rNeg    . . .        b - +0 leather armour
rPois   .            c - +0 helmet
rElec   .            (no cloak)
rCorr   .            (no gloves)
SInv    .            (no boots)
Will    .....        (amulet unavailable)
Stlth   +            (ring unavailable)
HPRegen 0.23/turn    (ring unavailable)
MPRegen 0.08/turn    (no gizmo)

%: no passive effects
@: no status effects
A: off-hand wielding, slow wielding, warmup strikes, no jewellery
a: Invent Gizmo, Renounce Religion


You were on level 2 of the Dungeon.
You worshipped Qazlal.
Qazlal was aware of your devotion.
You visited 1 branch of the dungeon, and saw 2 of its levels.

You collected 18 gold pieces.

Inventory:

Hand Weapons
 a - a +0 war axe (weapon) {Jin}
 f - a +0 dagger {Minjun}
 i - a +0 spear {Yuina}
 j - a +0 flail (offhand) {Navbir}
Missiles
 d - 3 throwing nets (quivered)
 e - a javelin
Armour
 b - a +0 leather armour (worn)
 c - a +0 helmet (worn)
Potions
 g - a potion of attraction {unknown}
 h - a potion of brilliance


   Skills:
 - Level 2.0 Fighting
 + Level 3.9 Axes
 - Level 1.7 Throwing
 - Level 2.6 Dodging


You had one spell level left.
You didn't know any spells.
Your spell library was empty.

Dungeon Overview and Level Annotations

Branches:
Dungeon (2/15)

Altars:
Qazlal
Beogh

Annotations:
D:2 Sigmund


Innate Abilities, Weirdness & Mutations

You can wield a second weapon in your off-hand.
It takes a long time for you to wield or remove held weapons.
Your first few attacks do less damage.
You cannot equip rings or amulets.


Message History

No target in view!
Partly explored, can't reach some places.
No target in view!
Partly explored, can't reach some places.
There is a stone staircase leading down here.
You can't go down here!
There is a stone staircase leading down here.
You climb downwards.
There is a stone staircase leading up here.
An endoplasm comes into view.
The endoplasm closely misses you.
There is a stone staircase leading up here.
An endoplasm is nearby!
You slash the endoplasm with your +0 war axe!
You kill the endoplasm!
Qazlal accepts your kill.
Sigmund the Dreaded comes into view.
He is wielding a +4 scythe of protection and wearing a +1 robe of willpower.
Sigmund casts a spell at you.
You are confused.
You are too confused!
Sigmund is nearby!
You are too confused!
Sigmund is nearby!
You are too confused!
Unknown command.
You bump into the rock wall.
Sigmund gestures at you while chanting. The puff of flame hits you!
You're too confused to move!
Sigmund gestures at you while chanting. The puff of flame hits you!
Ouch! That really hurt!
* * * LOW HITPOINT WARNING * * *
You bump into the rock wall.
Sigmund closely misses you.
Okay, then.
You feel less confused.
Sigmund hits you from afar with a +4 scythe of protection!
Ouch! That really hurt!
You die...
Sigmund begins carving another notch in his scythe.

#..#.###
##......
#......#
......#
.....#
....###.#
#.@..@..#
###.#
#.@.#
#.###
#.<.#
###.#
#...#
##.## .#
.# .#


You could see Sigmund.

Vanquished Creatures
  5 endoplasms
  2 giant cockroaches (D:1)
  3 goblins (D:1)
  A ball python (D:1)
  2 kobolds (D:1)
  2 rats (D:1)
15 creatures vanquished.

Notes
Turn   | Place    | Note
-------+----------+-------------------------------------------
     0 | D:1      | dolemite99 the Coglin Gladiator began the quest for the
                  | Orb.
     0 | D:1      | Reached XP level 1. HP: 16/16 MP: 1/1
    69 | D:1      | Found a roughly hewn altar of Beogh.
   105 | D:1      | Found a faded altar of an unknown god.
   108 | D:1      | Prayed at the altar of an unknown god.
   108 | D:1      | Became a worshipper of Qazlal Stormbringer
   108 | D:1      | Reached * piety under Qazlal
   436 | D:1      | Reached XP level 2. HP: 18/22 MP: 2/2
   981 | D:2      | Noticed Sigmund
   989 | D:2      | Mangled by Sigmund

Illustrated notes

Levels and vault maps discovered:
D:1:      dpeg_arrival_long_road, layout_basic,
          hellmonk_ecumenical_altar_defaced_shrine, minmay_misc_feat_iff,
          chequers_big_river
D:2:      layout_loops_corners, uniq_sigmund

Action                     || total
---------------------------++-------
  Melee: War axe           ||    17
         Dagger            ||     4
         Spear             ||     9
         Flail             ||     2
    Use: Scroll            ||     1
         Potion            ||     1
 Armour: Leather armour    ||    12
  Dodge: Dodged            ||    12
  Block: Other             ||     3

Table legend: (Time is in decaauts)
 A = Elapsed time spent in this place.
 B = Non-inter-level travel time spent in this place.
 C = Inter-level travel time spent in this place.
 D = Time resting spent in this place.
 E = Time spent auto-exploring this place.
 F = Levels seen in this place.
 G = Mean time per level.
                   A        B        C        D        E       F      G
               +--------+--------+--------+--------+--------+-----+--------+
         Total |   1003 |    965 |     38 |      0 |    805 |   2 |  501.5 |
       Dungeon |   1003 |    965 |     38 |      0 |    805 |   2 |  501.5 |
               +--------+--------+--------+--------+--------+-----+--------+

Top non-repeatable levels by time:
     D:1: 986 daAuts
     D:2: 17 daAuts
